 Dungeon Crawl Stone Soup version 0.15-a0 (webtiles) character file.

367 4tharraofdagon the Firebug (level 5, 2/38 HPs)
             Began as a Demonspawn Fire Elementalist on Mar 30, 2014.
             Quit the game on Level 7 of the Dungeon.
             The game lasted 00:09:30 (1161 turns).

4tharraofdagon the Firebug (DsFE)                   Turns: 1161, Time: 00:09:30

HP   2/38        AC  4     Str  9      XL: 5   Next: 81%
MP   0/19        EV 12     Int 16      God:
Gold 125         SH  0     Dex 14      Spells:  3 memorised,  1 level left

rFire  . . .     SeeInvis .       - Unarmed
rCold  . . .     Clarity  .     a - +0 robe
rNeg   . . .     Conserve .     (no shield)
rPois  .         rCorr    .     (no helmet)
rElec  .         rRot     .     e - +1 cloak
SustAb . .       Spirit   +     (no gloves)
rMut   .         Warding  .     (no boots)
Saprov . . .     Stasis   .     (no amulet)
MR     .....                    (no ring)
                                s - ring of magical power

@: drained, not resistant to hostile enchantments, fairly stealthy
A: magic shield
a: no special abilities


You were on level 7 of the Dungeon.
You were hungry.

You visited 1 branch of the dungeon, and saw 7 of its levels.

You collected 125 gold pieces.

Inventory:

Hand weapons
 d - a +0 blowgun
Missiles
 h - 15 poisoned needles
 r - 23 darts (quivered)
 t - 5 curare-tipped needles
Armour
 a - a +0 robe (worn)
 e - a +1 cloak (worn)
 p - a +0 chain mail
Magical devices
 w - a wand of enslavement (8)
Comestibles
 c - 6 bread rations
 j - a rambutan
 l - a pear
 m - 2 meat rations
Scrolls
 f - a scroll of enchant weapon I
 n - a scroll of remove curse
Jewellery
 g - an uncursed amulet of guardian spirit
 s - a ring of magical power (left hand)
Potions
 i - a potion of confusion
Books
 b - a book of Flames

   Spells                             Type                      Level
   *Flame Tongue                      Conjuration/Fire             1
   Throw Flame                        Conjuration/Fire             2
   *Conjure Flame                     Conjuration/Fire             3
   Inner Flame                        Hexes/Fire                   3
   *Sticky Flame                      Conjuration/Fire             4
   Fireball                           Conjuration/Fire             5


   Skills:
 + Level 2.2(2.1) Fighting
 - Level 1.7(1.6) Dodging
 - Level 1.7(1.6) Stealth
 * Level 2.7(2.6) Unarmed Combat
 + Level 2.9(2.8) Spellcasting
 + Level 2.3(2.2) Conjurations
 + Level 3.3(3.2) Fire Magic


You had one spell level left.
You knew the following spells:

 Your Spells              Type           Power        Failure   Level  Hunger
a - Flame Tongue          Conj/Fire      ##...        8%          1    #......
b - Conjure Flame         Conj/Fire      ##......     17%         3    ###....
c - Sticky Flame          Conj/Fire      ##......     63%         4    #####..


Dungeon Overview and Level Annotations

Branches:
Dungeon (7/15)
 Temple: D:4-7

Altars:
Zin

Annotations:
D:3 Natasha
D:7 Joseph


Innate Abilities, Weirdness & Mutations

When hurt, damage is shared between your health and your magic reserves.


Message History

Read which item? (? for menu, Esc to quit)
Okay, then.
Casting: Conjure Flame
Confirm with . or Enter, or press ? or * to list all spells.
You don't know that spell.
Unknown command.
Unknown command.
Casting: Conjure Flame
Confirm with . or Enter, or press ? or * to list all spells.
Aiming: Conjure Flame
Press: ? - help, Dir - move target cursor The fire roars!
Joseph shoots a sling bullet of frost.
You hear a sizzling sound!
The sling bullet of frost hits you!
* * * LOW HITPOINT WARNING * * *
Unknown command.
Drink which item? (? for menu, Esc to quit)
Okay, then.
Unknown command.
Are you sure you want to abandon this character and quit the game? (Confirm with "yes".)

#### .....
####.......
########
#.(.(......
#.....@#
#.##....@..
#.....(###.#
.....
#......@.o.#
....
#......#####
... #......#
. #......#
###.####
##..####
#......#


You could see Joseph.

Vanquished Creatures
  An ogre (D:5)
  A wight (D:6)
  A jelly (D:7)
  An orc priest (D:6)
  An adder (D:2)
  2 giant geckos
  A ball python (D:1)
  A giant cockroach (D:2)
  4 goblins
  5 hobgoblins
  7 jackals
  3 kobolds
  8 bats
  A giant newt (D:3)
  10 rats
47 creatures vanquished.

Vanquished Creatures (collateral kills)
  A jackal (D:5)
1 creature vanquished.

Grand Total: 48 creatures vanquished

Notes
Turn   | Place    | Note
--------------------------------------------------------------
     0 | D:1      | 4tharraofdagon, the Demonspawn Fire Elementalist, began the quest for the Orb.
     0 | D:1      | Reached XP level 1. HP: 13/13 MP: 3/3
   180 | D:1      | Gained mutation: When hurt, damage is shared between your health and your magic reserves. [demonic ancestry]
   180 | D:1      | Reached XP level 2. HP: 7/20 MP: 1/4
   185 | D:1      | Reached skill level 1 in Unarmed Combat
   474 | D:3      | Reached skill level 1 in Fighting
   566 | D:3      | Noticed Natasha
   657 | D:2      | Reached XP level 3. HP: 14/26 MP: 0/6
   692 | D:2      | Learned a level 3 spell: Conjure Flame
   788 | D:5      | Entered Level 5 of the Dungeon
   885 | D:5      | Reached skill level 3 in Fire Magic
   893 | D:5      | Noticed an ogre
   930 | D:5      | Killed an ogre
   930 | D:5      | Reached XP level 4. HP: 30/33 MP: 1/8
   948 | D:5      | Learned a level 4 spell: Sticky Flame
  1004 | D:6      | Found a glowing silver altar of Zin.
  1026 | D:6      | Noticed a black bear
  1027 | D:6      | Reached XP level 5. HP: 9/38 MP: 7/9
  1039 | D:6      | Noticed an orc warrior
  1135 | D:7      | Noticed Joseph
  1159 | D:7      | HP: 1/38 [Joseph/ sling bullet of frost (14)]
  1161 | D:7      | Quit the game

Action                   |  1- 3 |  4- 6 || total
-------------------------+-------+-------++-------
Melee: Unarmed           |    49 |       ||    49
 Cast: Flame Tongue      |    57 |    13 ||    70
       Conjure Flame     |     1 |     3 ||     4
       Sticky Flame      |       |     2 ||     2
Evoke: Wand              |       |     1 ||     1
  Use: Scroll            |     3 |     4 ||     7
       Potion            |     1 |     4 ||     5
 Stab: Sleeping          |     4 |       ||     4
